 Dungeon Crawl Stone Soup version 0.15.1-3-g1b33baa (webtiles) character file.

177 CrazyArbalest the Covered (level 5, 0/36 HPs)
             Began as a Halfling Fighter on Oct 7, 2014.
             Slain by a gnoll
             ... wielding a +0 flail
              (2 damage)
             ... on Level 4 of the Dungeon.
             The game lasted 00:08:07 (2796 turns).

CrazyArbalest the Covered (Halfling Fighter)        Turns: 2796, Time: 00:08:07

HP   0/36        AC  9     Str 16      XL: 5   Next: 88%
MP   5/5         EV 10     Int  7      God:
Gold 98          SH  6     Dex 15      Spells:  0 memorised,  4 levels left

rFire  + . .     SeeInvis .     a - +0 cutlass
rCold  . . .     Clarity  .     b - +0 scale mail
rNeg   . . .     rCorr    .     c - +0 buckler
rPois  .         rRot     .     q - +0 helmet
rElec  .         Spirit   .     p - +0 cloak
SustAb .         Warding  .     (no gloves)
rMut   .         Stasis   .     (no boots)
Gourm  .                        (no amulet)
MR     .....                    (no ring)
                                o - ring of protection from fire

@: not resistant to hostile enchantments, extremely unstealthy
A: mutation resistance 1
a: no special abilities


You were on level 4 of the Dungeon.
You were very hungry.

You visited 1 branch of the dungeon, and saw 4 of its levels.

You collected 98 gold pieces.

Inventory:

Hand weapons
 a - a +0 cutlass (weapon)
 f - a +2 vampiric short sword
Missiles
 g - 57 stones (quivered)
 t - 15 sling bullets
Armour
 b - a +0 scale mail (worn)
 c - a +0 buckler (worn)
 p - a +0 cloak (worn)
 q - a +0 helmet (worn)
Magical devices
 r - a wand of digging (10) {unknown}
Comestibles
 d - 5 bread rations
 k - 3 meat rations
Scrolls
 i - a scroll of amnesia {unknown}
 j - 2 scrolls of immolation {unknown}
 l - 4 scrolls of identify {unknown}
 u - a scroll of recharging {unknown}
 w - a scroll of remove curse {unknown}
Jewellery
 o - a ring of protection from fire (left hand)
 s - an uncursed amulet of clarity {unknown}
Potions
 e - 2 potions of might
 h - a potion of haste {unknown}
 m - 3 potions of curing {unknown}
 n - a potion of cancellation {unknown}


   Skills:
 + Level 3.4 Fighting
 + Level 3.8 Short Blades
 + Level 4.3 Armour
 + Level 2.1 Dodging
 + Level 0.4 Stealth
 + Level 4.0 Shields


You had 4 spell levels left.
You didn't know any spells.

Dungeon Overview and Level Annotations

Branches:
Dungeon (4/15)
 Temple: D:4-7

Altars:
Cheibriados


Innate Abilities, Weirdness & Mutations

You are small and have problems with some larger weapons.
You are somewhat resistant to further mutation.


Message History

The gnoll hits you from afar with a halberd.
You block the gnoll's attack. The gnoll hits you but does no damage.
You hit the gnoll but do no damage.
The gnoll is moderately wounded.
The gnoll closely misses you.
The gnoll hits you from afar with a spear.
The gnoll hits you but does no damage.
You closely miss the gnoll.
The gnoll is moderately wounded.
The gnoll hits you but does no damage. You block the gnoll's attack.
The gnoll hits you from afar with a halberd.
The gnoll hits you with a flail. The gnoll hits you but does no damage.
The gnoll hits you with a flail. The gnoll hits you with a flail!
* * * LOW HITPOINT WARNING * * *
You are no longer glowing.
The gnoll closely misses you. The gnoll hits you with a flail.
You die...

#...####.......#
#gg............#
#)######.......# #.#
#.....(.# ######g#
####'#..# ....##.#####
#.#..# ....#..gg..#
#.#..# ....#......#
#.#..#. ....#......#
#@#..#..
....+......#####g#..#..
....#.......gg...#).#.#
....#............#..#.#.#
###.#............#..#.#.#
# #.................#.#.#
#
#########......#....#.##
# ######.#.#.....# #
#.#.#.#.#.#


You could see a gnoll.

Vanquished Creatures
  A gnoll shaman (D:4)
  A worker ant (D:4)
  5 adders
  2 worms (D:2)
  3 giant geckos
  4 bats
  5 giant cockroaches
  8 goblins
  11 hobgoblins
  An ooze (D:2)
  A quokka (D:2)
  2 ball pythons
  4 giant newts
  3 jackals (D:3)
  4 kobolds
  8 rats
63 creatures vanquished.

Notes
Turn   | Place    | Note
--------------------------------------------------------------
     0 | D:1      | CrazyArbalest, the Halfling Fighter, began the quest for the Orb.
     0 | D:1      | Reached XP level 1. HP: 15/15 MP: 1/1
   267 | D:1      | Reached XP level 2. HP: 18/20 MP: 2/2
   518 | D:1      | Reached XP level 3. HP: 25/25 MP: 3/3
  1032 | D:2      | Reached XP level 4. HP: 15/31 MP: 4/4
  1220 | D:2      | Reached skill level 4 in Armour
  1220 | D:2      | Reached skill level 1 in Dodging
  1304 | D:2      | Found a snail-covered altar of Cheibriados.
  1542 | D:2      | Reached XP level 5. HP: 27/36 MP: 5/5
  2796 | D:4      | Slain by a gnoll

Action                   |  1- 3 |  4- 6 || total
-------------------------+-------+-------++-------
Melee: Cutlass           |   132 |   177 ||   309
  Eat: Chunk             |       |     5 ||     5
